Map: Frozen Temple

Players

Miszu - Winner!

  • Race: Terran Terran
  • League: Master

hinO

  • Race: Zerg Zerg
  • League: Grandmaster

VOD

Have the link to the VOD?

Description

Time

  • Played on: April 30, 2016, 5:58 p.m.
  • Length: 10:42
Show
View Real Time Build Order
Export as new Build Order

Miszu Terran - Winner!

Build Orders: Liberator Opening, Reaper Expand, MMM Bio 

Get SALT Encoding   

  12  0:00  SCV  
  13  0:12  SCV  
  14  0:17  Supply Depot  
  14  0:26  SCV  
  15  0:40  Barracks  
  15  0:42  SCV  
  16  0:46  Refinery  
  16  0:54  SCV  
  17  1:06  SCV  
  19  1:27  Orbital Command  
  19  1:30  Reaper  
  19  1:42  Command Center  
  19  1:54  SCV  
  19  1:55  Supply Depot  
  20  2:01  Marine  
  20  2:07  SCV  
  22  2:17  Refinery  
  22  2:19  Factory, SCV  
  23  2:27  Barracks Reactor  
  23  2:34  SCV  
  24  2:46  SCV  
  25  2:55  Orbital Command  
  25  2:58  SCV  
  26  3:06  Starport  
  26  3:09  Marine x2  
  26  3:10  SCV  
  26  3:11  Factory Tech Lab  
  29  3:22  SCV x2  
  30  3:27  Marine  
  30  3:28  Supply Depot  
  30  3:29  Marine  
  30  3:34  SCV x2  
  33  3:35  Liberator  
  37  3:41  Siege Tank  
  37  3:42  Bunker  
  37  3:46  SCV x2  
  37  3:47  Marine x2  
  44  3:58  SCV x2  
  46  4:10  SCV x2  
  46  4:11  Command Center  
  48  4:17  Liberator  
  48  4:22  SCV  
  49  4:26  SCV  
  49  4:31  Barracks  
  50  4:32  Barracks  
  50  4:34  SCV  
  54  4:40  Engineering Bay x2  
  54  4:55  Supply Depot  
  54  4:56  Refinery  
  54  4:57  Refinery  
  54  5:07  SCV x2  
  54  5:08  Terran Infantry Weapons Level 1, Terran Infantry Armor Level 1  
  56  5:17  Barracks  
  56  5:19  Barracks, SCV x2  
  58  5:27  Orbital Command  
  58  5:28  Barracks Tech Lab x2  
  58  5:30  Starport Reactor  
  58  5:31  SCV x2  
  58  5:33  Marine x2  
  58  5:35  Widow Mine  
  62  5:40  Missile Turret  
  64  5:43  SCV x2, Missile Turret  
  64  5:46  Marine  
  64  5:47  Marine  
  65  5:51  Marine  
  65  5:53  Stimpack  
  65  5:55  SCV x2, Combat Shields  
  65  5:56  Marine  
  69  6:00  Orbital Command  
  69  6:04  Barracks Reactor, Marine  
  69  6:07  Barracks Reactor, SCV  
  71  6:11  Medivac  
  71  6:12  Medivac  
  71  6:15  SCV  
  76  6:20  SCV  
  76  6:22  Marine  
  76  6:23  Marine x3  
  78  6:26  Factory Reactor  
  78  6:27  SCV  
  78  6:28  Armory  
  78  6:30  SCV  
  78  6:32  SCV  
  82  6:40  SCV, Missile Turret  
  82  6:42  SCV  
  82  6:43  Supply Depot  
  82  6:44  SCV  
  83  6:48  Marine  
  83  6:49  Marine  
  83  6:53  Supply Depot  
  85  6:55  Supply Depot  
  85  7:04  Marine x3, Medivac, SCV x3  
  85  7:06  Supply Depot  
  93  7:10  Medivac  
  92  7:16  Marine, SCV  
  92  7:17  Terran Infantry Armor Level 2, Marine x4, SCV x2  
  92  7:19  Terran Infantry Weapons Level 2  
  92  7:22  Marine x3  
  102  7:24  Liberator  
  102  7:28  SCV  
  102  7:29  SCV x2  
  106  7:30  Supply Depot  
  106  7:34  Marine  
  106  7:35  Marine x4  
  111  7:39  Marine x2  
  111  7:40  Marine  
  111  7:44  Liberator  
  117  7:47  Supply Depot  
  116  7:53  Concussive Shells  
  116  7:56  Supply Depot  
  116  8:00  Widow Mine x2  
  116  8:01  Supply Depot, Marauder  
  116  8:03  Barracks  
  116  8:04  Barracks  
  125  8:05  Barracks  
  125  8:08  Marine  
  125  8:09  Marine, Marauder  
  129  8:13  Supply Depot  
  129  8:18  Supply Depot  
  129  8:22  Marauder  
  129  8:23  Marine x3  
  129  8:24  Marine  
  129  8:26  Bunker, SCV x3  
  138  8:28  Refinery  
  138  8:30  Marauder  
  138  8:31  Refinery  
  138  8:34  Starport, Marine x2  
  140  8:36  Liberator x2  
  140  8:38  SCV  
  140  8:41  Marine  
  143  8:42  Supply Depot, SCV  
  143  8:43  Supply Depot, SCV  
  143  8:44  Marauder  
  148  8:49  Marine x2  
  148  8:50  Widow Mine, SCV  
  148  8:51  Marauder  
  148  8:55  SCV x2  
  163  9:05  Marauder, Liberator  
  157  9:15  Marauder  
  145  9:18  Marine x4  
  145  9:19  Marine x2, Widow Mine x2  
  145  9:21  Barracks Tech Lab  
  145  9:22  Barracks Tech Lab  
  158  9:27  Marauder  
  158  9:30  Barracks Tech Lab  
  160  9:36  Supply Depot, Marine x3  
  163  9:39  Supply Depot  
  163  9:40  Command Center  
  163  9:48  Marine x7, Marauder  
  172  9:54  Marine  
  172  9:58  Widow Mine x2  
  172  9:59  Medivac x2  
Show
View Real Time Build Order
Export as new Build Order

hinO Zerg 

Build Orders: Hatch First, Muta Ling Bane 

Get SALT Encoding   

  12  0:01  Drone  
  13  0:07  Drone  
  14  0:17  Overlord  
  14  0:23  Extractor, Drone  
  15  0:35  Drone  
  15  0:36  Drone  
  17  0:53  Hatchery  
  17  0:56  Drone  
  17  1:01  Extractor, Drone  
  17  1:15  Spawning Pool  
  16  1:19  Drone  
  16  1:22  Drone  
  18  1:27  Drone  
  19  1:37  Overlord  
  19  1:49  Drone  
  20  2:02  Metabolic Boost, Queen  
  20  2:03  Zergling x2  
  20  2:05  Zergling x2  
  24  2:10  Drone  
  24  2:14  Queen  
  27  2:17  Drone  
  27  2:20  Drone  
  29  2:27  Drone  
  30  2:35  Drone  
  31  2:39  Drone  
  31  2:42  Overlord  
  32  2:48  Drone  
  33  2:56  Drone  
  33  2:57  Lair  
  34  3:01  Drone  
  34  3:04  Drone  
  36  3:11  Drone x4  
  40  3:17  Overlord  
  40  3:20  Drone  
  40  3:22  Extractor  
  40  3:23  Extractor x2  
  40  3:24  Drone x3  
  41  3:28  Drone  
  41  3:33  Overlord  
  42  3:38  Drone  
  43  3:43  Drone x3  
  46  3:50  Drone  
  46  3:55  Spire, Drone  
  47  3:59  Drone x3  
  50  4:04  Drone  
  51  4:10  Drone  
  51  4:12  Spine Crawler  
  51  4:18  Overlord  
  51  4:20  Drone  
  51  4:23  Baneling Nest  
  50  4:25  Zergling x6  
  52  4:31  Drone  
  52  4:34  Evolution Chamber  
  52  4:35  Evolution Chamber  
  51  4:45  Queen  
  53  4:46  Queen  
  53  4:50  Hatchery  
  53  4:51  Drone x3  
  57  4:55  Overlord  
  57  5:06  Mutalisk x3  
  65  5:09  Mutalisk  
  65  5:13  Mutalisk  
  69  5:16  Mutalisk  
  71  5:24  Mutalisk  
  70  5:32  Mutalisk x2  
  74  5:37  Drone  
  75  5:46  Overlord  
  75  5:48  Centrifical Hooks  
  75  5:58  Overlord x2  
  75  6:00  Zerg Flyer Weapons Level 1  
  75  6:01  Drone  
  75  6:02  Drone x2  
  78  6:05  Drone x4  
  78  6:09  Zerg Melee Weapons Level 1  
  82  6:12  Overlord  
  82  6:14  Drone  
  83  6:21  Drone x4  
  83  6:22  Drone  
  83  6:25  Extractor  
  83  6:26  Extractor  
  83  6:32  Zerg Ground Armor Level 1  
  82  6:33  Drone x4  
  82  6:37  Mutalisk  
  82  6:39  Overseer  
  88  6:40  Overseer  
  88  6:43  Drone  
  88  6:44  Drone x3  
  88  6:45  Drone  
  88  6:47  Drone  
  94  6:53  Drone x4  
  98  6:59  Queen  
  100  7:12  Mutalisk x4  
  100  7:15  Zergling x12  
  114  7:18  Overlord x2  
  114  7:32  Hatchery  
  113  7:39  Drone x6  
  113  7:40  Drone x2  
  113  7:41  Drone  
  113  7:42  Mutalisk  
  124  7:44  Extractor  
  124  7:45  Extractor, Baneling x7  
  124  7:47  Overlord x2  
  122  7:53  Zergling x2  
  122  7:54  Zergling x10  
  122  7:56  Burrow, Pneumatized Carapace  
  128  8:00  Zerg Flyer Weapons Level 2  
  128  8:02  Overlord  
  128  8:05  Overlord  
  128  8:06  Drone x2  
  130  8:16  Overlord, Zergling x2  
  130  8:17  Zergling x10  
  130  8:19  Zerg Melee Weapons Level 2  
  136  8:24  Zergling x10  
  141  8:30  Zergling x4  
  141  8:31  Baneling x10  
  143  8:39  Mutalisk  
  145  8:41  Drone x2  
  145  8:42  Drone  
  145  8:45  Drone  
  149  8:48  Mutalisk  
  149  8:50  Infestation Pit  
  150  8:57  Mutalisk x2  
  139  9:13  Mutalisk x3  
  139  9:16  Zergling x28  
  151  9:20  Baneling x8  
  151  9:23  Zergling x2  
  150  9:25  Zergling x2  
  150  9:26  Zergling x2  
  152  9:32  Mutalisk x2  
  152  9:35  Overlord x3  
  152  9:36  Zergling x2  
  152  9:37  Baneling x4  
  152  9:38  Baneling x3  
  157  9:39  Baneling  
  157  9:42  Zergling x2  
  157  9:45  Baneling x4  
  158  9:46  Zergling x6  
  158  9:48  Hatchery  
  158  9:49  Overlord  
  158  9:50  Overlord  
  158  9:51  Baneling x5  
  160  9:57  Zergling x12  
  160  9:59  Baneling x5  
  166  10:00  Baneling  
  166  10:05  Mutalisk  
  166  10:06  Mutalisk  
  169  10:09  Zergling x12  
Tags
 
Add a new tag
Caveats
  • Supply blocks, unpowered buildings, or Contaminate may cause inaccurate times.
  • Supply counts are checked every 10 seconds.